Description

This is the build order that Harstem shows casually explained for PvZ. It uses a combination of adept pressure and double Oracle for the opener. I suggest watching the video for the rest, as he addresses the different situations that you can encounter afterwards and how to react.

VOD

https://www.youtube.com/watch?v=FzoEcCD5ibE#t=22m21s

Replay - 2020-04-27 - (P)Harstem VS (Z)Namshar

Build Order

Get SALT Encoding   

  12  0:00  Probe  
  13  0:12  Probe  
  14  0:18  Pylon  
  14  0:24  Probe (Chrono Boost)  
  15  0:37  Probe (Chrono Boost)  
  15  0:38  Gateway  
  16  0:45  Probe (Chrono Boost)  
  16  0:48  Assimilator  
  17  0:51  Probe  
  18  1:03  Probe  
  19  1:15  Probe  
  20  1:23  Nexus  
  20  1:33  Cybernetics Core  
  20  1:36  Probe  
  21  1:41  Assimilator  
  21  1:48  Probe  
  21  1:51  Pylon  
  23  2:07  Adept (Chrono Boost)  
  26  2:16  Stargate  
  26  2:27  Adept (Chrono Boost)  
  26  2:28  Warp Gate  
  32  2:49  Adept  
  36  2:59  Oracle (Chrono Boost)  
  41  3:08  Pylon  
  43  3:22  Gateway  
  44  3:28  Oracle (Chrono Boost)  
  44  3:33  Adept  
  50  3:35  Pylon  
  53  4:00  Nexus  
  55  4:13  Pylon  
  55  4:15  Assimilator x2  
  55  4:16  Adept x2  
  58  4:23  Robotics Facility  
  63  4:39  Sentry x2  
  67  5:11  Immortal (Chrono Boost)  
  69  5:17  Zealot, Sentry, Forge  
  69  5:18  Twilight Council  
  74  5:30  Gateway x2  
  74  5:35  Shield Battery  
  76  5:39  Zealot  
  76  5:40  Adept  
  76  6:00  Sentry x2  
  76  6:03  Protoss Ground Weapons Level 1 (Chrono Boost)  
  78  6:04  Assimilator x2  
  78  6:06  Charge  
  78  6:10  Gateway  
  82  6:21  Templar Archives  
  82  6:23  Gateway x2  
  83  6:30  Warp Prism (Chrono Boost)  
  86  6:41  Gateway x2  
  86  6:42  Photon Cannon  
  86  6:47  Zealot x2, Sentry  
  92  6:59  Colossus (Chrono Boost)  
  92  7:03  Warp Prism (Chrono Boost)  
  92  7:06  High Templar x4  
  98  7:10  Archon  
  98  7:12  Zealot  
  104  7:16  Archon  
  104  7:18  Zealot  
  104  7:20  Phoenix (Chrono Boost)  
  104  7:22  Nexus  
  108  7:25  Zealot  
  111  7:41  High Templar x4  
  111  7:42  Zealot x3  
  125  7:46  Photon Cannon  
  125  7:48  Archon x2  
  125  7:54  Immortal (Chrono Boost)  
  131  8:09  Protoss Ground Weapons Level 2  
  137  8:13  Psionic Storm  
  149  8:29  Unknown  
  156  8:43  High Templar x2  
  156  8:47  Photon Cannon x2  
  162  8:52  Observer (Chrono Boost)  
  165  8:59  Photon Cannon  
  165  9:01  Shield Battery  
  168  9:07  Immortal (Chrono Boost)  
  167  9:39  Warp Prism (Chrono Boost)  
  157  9:56  Fleet Beacon  
  157  9:57  Photon Cannon x2  
  157  9:58  Stargate  
Spawning Tool Build Advisor. Get it on Overwolf

Go to:

Details

  • Created by: janpol8
  • Published on: Jun 24, 2020
  • Modified on: Jun 24, 2020
  • Patch: 4.11.0
  • Difficulty: Medium
Show
View Real Time Build Order
Export as new Build Order

Comments (0)

There are no comments. Be the first!

Create an account to comment!